Map: Black Site 2E

Players

FoxHound

  • Race: Protoss Protoss
  • Spawn Location: 9:00

Zarahemnah

  • Race: Terran Terran
  • Spawn Location: 12:00

beepover

  • Race: Terran Terran
  • Spawn Location: 11:00

Moe - Winner!

  • Race: Terran Terran
  • Spawn Location: 5:00

Metasapien - Winner!

  • Race: Zerg Zerg
  • Spawn Location: 6:00

bestiger - Winner!

  • Race: Terran Terran
  • League: Platinum
  • Spawn Location: 3:00

VOD

Have the link to the VOD?

Description

Time

  • Played on: Aug. 20, 2017, 10:21 a.m.
  • Length: 20:56
Show
View Real Time Build Order
Export as new Build Order

FoxHound Protoss 

Build Orders: Nexus First 

Get SALT Encoding   

  12  0:44  Nexus  
  12  0:48  Pylon  
  12  0:55  Assimilator  
  12  0:58  Probe (Chrono Boost)  
  13  1:08  Assimilator  
  13  1:35  Probe (Chrono Boost)  
  14  1:44  Gateway  
  14  1:48  Gateway  
  14  1:55  Probe (Chrono Boost)  
  15  2:20  Probe (Chrono Boost)  
  16  2:30  Probe (Chrono Boost)  
  17  2:37  Cybernetics Core  
  17  2:40  Probe (Chrono Boost)  
  17  2:41  Probe (Chrono Boost)  
  19  3:00  Zealot x2  
  19  3:04  Probe (Chrono Boost)  
  24  3:09  Probe (Chrono Boost)  
  25  3:14  Warp Gate (Chrono Boost)  
  25  3:28  Gateway  
  25  3:31  Sentry  
  25  3:34  Sentry  
  29  3:36  Probe (Chrono Boost)  
  30  3:43  Probe (Chrono Boost)  
  30  3:47  Probe (Chrono Boost)  
  32  3:54  Pylon  
  32  4:18  Mothership Core (Chrono Boost)  
  32  4:19  Gateway  
  32  4:21  Gateway  
  26  4:57  Probe (Chrono Boost)  
  27  5:08  Probe (Chrono Boost)  
  27  5:12  Probe (Chrono Boost)  
  29  5:18  Pylon, Probe (Chrono Boost)  
  30  5:23  Probe (Chrono Boost)  
  31  5:29  Probe (Chrono Boost)  
  31  5:33  Probe (Chrono Boost)  
  33  5:39  Probe (Chrono Boost)  
  34  5:43  Stalker  
  34  5:44  Stalker, Probe (Chrono Boost)  
  34  5:48  Stalker  
  41  5:50  Sentry  
  41  5:54  Probe (Chrono Boost)  
  44  6:05  Forge  
  44  6:06  Probe (Chrono Boost)  
  45  6:15  Probe (Chrono Boost)  
  46  6:25  Probe  
  46  6:26  Forge  
  46  6:31  Probe  
  48  6:35  Probe  
  48  6:39  Pylon  
  49  6:42  Protoss Ground Weapons Level 1  
  49  6:43  Probe  
  49  6:46  Stalker, Probe  
  53  6:55  Probe  
  53  6:57  Twilight Council  
  54  7:03  Photon Cannon  
  54  7:08  Photon Cannon  
  54  7:14  Photon Cannon  
  54  7:19  Pylon  
  54  7:22  Protoss Ground Armor Level 1  
  54  7:31  Zealot  
  54  7:32  Zealot  
  54  7:33  Zealot  
  54  7:35  Charge (Chrono Boost)  
  60  7:47  Photon Cannon  
  60  7:49  Photon Cannon  
  60  8:01  Photon Cannon  
  60  8:03  Photon Cannon  
  60  8:05  Stalker  
  62  8:08  Stalker  
  64  8:28  Pylon  
  64  8:31  Stalker x2  
  64  8:32  Stalker  
  70  8:53  Stalker x2  
  74  9:05  Protoss Ground Weapons Level 2 (Chrono Boost)  
  74  9:09  Pylon  
  74  9:11  Pylon  
  74  9:13  Pylon  
  74  9:16  Pylon  
  74  9:18  Stalker  
  74  9:19  Stalker  
  78  9:43  Protoss Shields Level 1 (Chrono Boost)  
  78  9:45  Stalker x2  
  80  9:46  Stalker x2  
  80  9:47  Stalker  
  88  10:11  Pylon  
  88  10:12  Pylon  
  88  10:13  Probe  
  89  10:15  Pylon  
  89  10:16  Assimilator  
  89  10:18  Stalker x2  
  89  10:19  Stalker x2  
  89  10:21  Zealot  
  99  10:25  Probe  
  100  10:53  Zealot x2  
  100  10:54  Zealot  
  100  10:55  Zealot  
  108  10:57  Stalker  
  110  11:14  Protoss Ground Weapons Level 3 (Chrono Boost)  
  110  11:21  Stalker  
  110  11:22  Stalker x2  
  110  11:23  Stalker x2  
  38  13:28  Stalker x2  
  38  13:29  Stalker  
  38  13:30  Stalker x2  
  48  13:35  Protoss Ground Armor Level 2 (Chrono Boost)  
  48  13:54  Assimilator, Protoss Shields Level 2 (Chrono Boost)  
  48  14:06  Stalker x2  
  48  14:07  Stalker x2  
  56  14:10  Stalker  
  58  14:24  Photon Cannon  
  58  14:25  Photon Cannon  
  58  14:36  Stalker  
  58  14:37  Stalker x2  
  58  14:38  Stalker x2  
  66  15:02  Stalker x3  
  66  15:03  Stalker  
  66  15:04  Stalker  
  76  15:47  Zealot x3  
  76  15:48  Zealot x2  
  86  16:09  Zealot  
  86  16:10  Zealot x2  
  86  16:11  Zealot x2  
  96  16:33  Stalker x2  
  96  16:34  Stalker x2  
  96  16:35  Stalker  
  66  17:59  Stalker x2  
  66  18:00  Stalker x2  
Show
View Real Time Build Order
Export as new Build Order

Zarahemnah Terran 

Build Orders: Command Center First (CC), MMM Bio 

Get SALT Encoding   

  12  0:01  SCV  
  13  0:13  SCV  
  14  0:21  Supply Depot  
  14  0:25  SCV  
  15  0:58  Command Center  
  15  1:02  SCV  
  16  1:12  Barracks  
  16  1:16  SCV  
  17  1:28  SCV  
  18  1:39  Engineering Bay  
  18  1:42  SCV  
  19  1:57  SCV, Refinery  
  20  2:04  Marine, Supply Depot  
  21  2:12  Orbital Command  
  21  2:15  SCV  
  22  2:28  Missile Turret  
  22  2:30  Marine  
  23  2:38  Supply Depot  
  23  2:42  SCV  
  24  2:44  Orbital Command  
  24  2:53  Marine  
  24  2:54  SCV  
  26  2:59  Refinery  
  26  3:05  Refinery  
  26  3:06  SCV  
  26  3:07  Supply Depot  
  26  3:12  Barracks Reactor  
  27  3:14  SCV  
  27  3:19  SCV  
  29  3:30  Supply Depot  
  29  3:31  SCV  
  29  3:32  SCV  
  31  3:38  Barracks  
  31  3:44  Factory  
  31  3:45  SCV x2  
  33  3:53  Barracks  
  33  3:57  SCV x2  
  33  3:58  Barracks  
  35  4:09  SCV x2  
  37  4:16  Missile Turret  
  37  4:29  SCV  
  37  4:30  SCV  
  39  4:35  Command Center  
  39  4:37  Factory Tech Lab  
  39  4:39  Starport  
  39  4:44  Marine x2  
  41  4:46  Barracks Tech Lab  
  41  4:47  Barracks Reactor  
  41  4:48  Barracks Reactor  
  41  4:58  Refinery  
  41  4:59  Supply Depot  
  41  5:02  Supply Depot  
  41  5:04  Marine x2  
  43  5:09  Stimpack  
  43  5:10  Siege Tank  
  46  5:15  SCV x2  
  48  5:26  Marine x5  
  48  5:27  Marine  
  56  5:28  Marauder  
  56  5:30  Starport Reactor  
  56  5:37  Missile Turret  
  56  5:41  SCV x2  
  58  5:45  Missile Turret  
  58  5:55  SCV x2  
  60  5:59  Marine x6  
  60  6:00  Supply Depot  
  60  6:01  Marauder  
  68  6:04  Siege Tank  
  71  6:14  SCV x2  
  73  6:30  Missile Turret, SCV x3  
  76  6:40  Refinery  
  76  6:41  Marine x3  
  76  6:42  Marine x3, Refinery  
  76  6:44  Marauder  
  76  6:45  Medivac  
  76  6:46  Medivac  
  88  6:53  Missile Turret  
  88  6:56  Missile Turret  
  88  6:57  Orbital Command  
  89  7:01  SCV x2  
  90  7:13  SCV x2  
  90  7:15  Missile Turret  
  92  7:17  Marine x2, Missile Turret  
  92  7:18  Marine x3  
  92  7:20  Marine  
  98  7:24  Medivac  
  98  7:26  Medivac  
  102  7:37  Terran Infantry Weapons Level 1  
  102  7:38  Combat Shields  
  102  7:40  Marine x2  
  102  7:41  Marine x3  
  102  7:42  Marine  
  108  7:48  SCV  
  109  7:54  Supply Depot  
  109  7:57  Supply Depot  
  109  8:00  Supply Depot  
  109  8:15  Viking x2, Siege Tank, SCV  
  109  8:18  SCV  
  109  8:19  Supply Depot  
  118  8:21  Supply Depot  
  118  8:24  Marine x5  
  118  8:25  Marine  
  124  8:30  Supply Depot  
  124  8:36  SCV x3  
  127  8:53  Viking x2  
  131  8:56  Command Center  
  131  8:57  Marine x3  
  131  8:59  Marine x2  
  131  9:01  Marine  
  137  9:02  Marine  
  138  9:10  Supply Depot  
  138  9:11  Supply Depot  
  138  9:22  Marine x2  
  138  9:23  Marine x5  
  145  9:26  Medivac x2  
  149  9:31  Terran Infantry Armor Level 1  
  149  9:34  SCV x3  
  152  9:40  Supply Depot  
  152  9:43  Supply Depot  
  152  10:00  Missile Turret  
  152  10:03  Missile Turret  
  152  10:07  Supply Depot  
  152  10:08  Viking  
  152  10:09  Viking  
  156  10:27  SCV  
  156  10:28  SCV x2  
  159  10:31  Orbital Command  
  159  10:42  Refinery  
  159  10:45  Refinery  
  159  10:46  Marine x3  
  159  10:47  Marine x4  
  166  10:50  Viking x2  
  166  10:53  Siege Tank  
  173  11:03  Armory  
  173  11:04  Missile Turret  
  173  11:06  Fusion Core  
  173  11:43  Marine x4  
  173  11:44  Marine x3  
  173  11:46  Viking x2  
  184  11:49  Sensor Tower  
  184  12:20  Starport  
  184  12:26  Starport  
  184  12:27  Marine x4  
  184  12:28  Marine x3  
  191  12:30  Viking  
  191  12:31  Viking  
  195  13:00  Starport  
  114  13:21  Starport Tech Lab  
  114  13:22  Starport Tech Lab  
  114  13:25  Marine  
  114  13:26  Marine x6  
  82  13:29  Siege Tank  
  82  13:31  Viking x2  
  77  13:43  Battlecruiser x2  
  77  13:44  Starport Tech Lab  
  77  13:46  Marine x6  
  77  13:47  Marine  
  96  13:59  Starport  
  95  14:06  Battlecruiser  
  95  14:09  Marine x5  
  105  14:10  Marine x2  
  105  14:12  Siege Tank  
  105  14:15  Viking  
  105  14:16  Viking  
  115  14:25  Terran Infantry Weapons Level 2  
  115  14:28  Marine x6  
  115  14:29  Marine  
  122  14:36  Weapon Refit  
  122  14:44  Thor  
  128  14:45  Marine  
  128  14:46  Marine x6  
  128  14:50  Battlecruiser x2  
  147  14:54  Starport Tech Lab  
  147  15:03  Marine x2  
  147  15:04  Marine x5  
  147  15:06  Factory  
  154  15:10  Battlecruiser  
  160  15:15  Battlecruiser  
  166  15:21  Marine x3  
  166  15:22  Marine x4  
  166  15:23  Viking x2  
  177  15:39  Marine x4  
  177  15:40  Marine x3  
  184  15:45  Thor  
  190  15:58  Battlecruiser  
  190  16:01  Marine x2  
  190  16:02  Marine x2  
  199  16:55  Marine  
  162  17:26  Marine x7  
  155  17:34  Battlecruiser x3  
  155  17:35  Battlecruiser  
  176  17:43  Marine  
  176  17:44  Marine x6  
  162  18:01  Marine x3  
  162  18:02  Marine x4  
  166  18:12  Viking x2  
  169  18:19  Marine x4  
  171  18:20  Marine x3  
  167  18:37  Marine x5  
  167  18:38  Marine x2  
  167  18:47  Battlecruiser x4  
  191  18:49  Viking x2  
  191  18:55  Marine x3  
  197  19:11  Factory Tech Lab  
  197  19:29  Viking  
  199  19:33  Marine  
  146  20:30  Marine x4  
  146  20:31  Marine x3  
Show
View Real Time Build Order
Export as new Build Order

beepover Terran 

Build Orders: MMM Bio 

Get SALT Encoding   

  12  0:02  SCV  
  13  0:15  SCV  
  14  0:27  SCV  
  15  0:36  Supply Depot  
  15  0:58  SCV  
  16  1:07  Barracks  
  16  1:10  SCV  
  17  1:22  SCV  
  18  1:26  Command Center  
  18  1:31  Refinery  
  18  1:34  SCV  
  18  1:37  Refinery  
  19  1:47  SCV  
  20  1:59  Engineering Bay  
  20  2:00  SCV  
  21  2:11  Bunker  
  21  2:12  SCV  
  22  2:24  SCV  
  23  2:37  SCV  
  24  2:45  Supply Depot  
  24  2:51  Orbital Command  
  24  2:52  Barracks Tech Lab  
  24  2:59  Bunker  
  24  3:06  SCV  
  24  3:07  Supply Depot  
  25  3:15  Marauder  
  25  3:18  SCV  
  28  3:28  SCV  
  28  3:29  Supply Depot  
  28  3:30  SCV  
  30  3:40  SCV  
  31  3:41  Marauder  
  31  3:42  SCV  
  34  3:52  SCV  
  35  3:56  Factory  
  35  4:03  Marauder  
  35  4:04  SCV  
  35  4:08  Stimpack  
  38  4:11  Barracks  
  38  4:15  Missile Turret  
  38  4:16  SCV  
  41  4:24  Marauder  
  39  5:02  Barracks Reactor  
  39  5:04  Factory Tech Lab  
  39  5:12  Bunker  
  39  5:17  Supply Depot  
  39  5:22  SCV  
  40  5:28  Missile Turret  
  40  5:33  Starport  
  40  5:34  SCV  
  40  5:35  Marine  
  41  5:40  SCV  
  43  5:44  Refinery  
  43  5:46  Refinery  
  43  5:52  SCV  
  43  5:53  Marine  
  43  5:55  Supply Depot  
  45  5:59  Marine x2  
  45  6:03  Missile Turret  
  47  6:04  SCV  
  47  6:08  Supply Depot  
  47  6:11  Marine  
  48  6:13  Bunker  
  48  6:17  Marine x2, SCV  
  52  6:28  Starport Reactor  
  52  6:29  Marine  
  52  6:32  Supply Depot  
  53  6:35  Marine x2, Siege Tank  
  53  6:39  Barracks  
  58  6:43  Missile Turret  
  58  6:46  Marine  
  59  6:53  Marine x2  
  61  6:55  Barracks  
  61  7:00  Supply Depot  
  61  7:04  Marine  
  61  7:07  Siege Tank  
  65  7:10  Marine  
  65  7:11  Marine  
  68  7:17  Missile Turret  
  68  7:21  Orbital Command  
  68  7:22  Marine  
  68  7:23  SCV  
  68  7:28  Marine x2  
  71  7:35  SCV  
  72  7:40  Marine  
  72  7:43  Medivac x2  
  77  7:47  SCV  
  78  7:58  Barracks Reactor  
  78  7:59  Combat Shields  
  78  8:01  Marine x3  
  81  8:09  Barracks  
  81  8:13  Medivac x2  
  81  8:18  Marine  
  81  8:19  Marine x2  
  88  8:24  Command Center  
  88  8:33  Barracks Reactor  
  88  8:34  Refinery  
  88  8:36  Marine x3  
  88  8:40  SCV  
  92  8:43  Medivac  
  94  8:52  SCV  
  94  8:54  Marine  
  96  9:08  Missile Turret  
  60  9:56  Orbital Command  
  58  10:04  Siege Tank  
  61  10:20  Fusion Core  
  61  10:24  Starport  
  61  10:28  Starport  
  61  10:36  Siege Tank, Barracks Reactor  
  64  10:52  SCV  
  65  10:58  Refinery  
  65  11:03  Supply Depot  
  66  11:04  SCV  
  66  11:08  Siege Tank, Starport Tech Lab  
  66  11:09  Starport Tech Lab  
  66  11:10  Starport  
  69  11:15  Weapon Refit  
  69  11:16  SCV  
  69  11:17  Starport  
  70  11:23  Starport  
  70  11:28  SCV  
  71  11:40  SCV  
  71  11:41  Battlecruiser  
  71  11:43  Battlecruiser  
  84  11:52  SCV  
  85  11:54  SCV  
  86  12:04  SCV  
  86  12:05  Starport Tech Lab  
  86  12:06  SCV  
  88  12:11  Starport Tech Lab  
  88  12:12  Missile Turret  
  88  12:14  Starport Tech Lab  
  88  12:16  SCV  
  88  12:19  SCV  
  90  12:41  Supply Depot  
  90  12:42  Supply Depot  
  90  12:45  Building Armor  
  90  12:46  Battlecruiser  
  90  12:47  Battlecruiser  
  90  12:50  Battlecruiser x2  
  114  13:22  Battlecruiser  
  114  13:39  Missile Turret  
  114  13:50  Battlecruiser  
  114  13:51  Battlecruiser  
  126  14:04  Missile Turret  
  126  14:06  Missile Turret  
  126  14:09  Battlecruiser  
  138  14:10  Battlecruiser  
  138  14:21  Starport Tech Lab  
  138  15:23  Missile Turret  
  138  15:32  Missile Turret  
  138  15:39  Supply Depot  
  138  15:41  Supply Depot  
  138  16:01  Battlecruiser  
  138  16:03  Battlecruiser x2  
Show
View Real Time Build Order
Export as new Build Order

Moe Terran - Winner!

Build Orders:  

Get SALT Encoding   

  12  0:03  SCV  
  13  0:15  SCV  
  14  0:21  Supply Depot  
  14  0:27  SCV  
  15  0:43  SCV  
  15  0:44  Barracks  
  16  0:50  Refinery  
  16  0:55  SCV  
  17  1:07  SCV  
  18  1:19  SCV  
  18  1:23  Supply Depot  
  19  1:31  SCV  
  20  1:34  Marine  
  20  1:37  Refinery  
  21  1:43  SCV  
  22  1:52  Marine  
  23  1:55  SCV  
  23  1:56  Factory  
  24  2:08  SCV  
  25  2:10  Marine  
  26  2:20  SCV  
  27  2:27  Marine  
  28  2:40  Widow Mine  
  28  2:41  Supply Depot  
  30  2:44  Orbital Command  
  30  2:53  Command Center  
  30  3:14  Starport  
  30  3:20  Widow Mine  
  32  3:38  Marine  
  33  3:49  Widow Mine  
  33  3:53  SCV  
  36  3:56  Marine  
  37  4:05  SCV  
  37  4:06  Starport Tech Lab, Engineering Bay  
  38  4:16  Refinery  
  38  4:17  Widow Mine  
  38  4:18  SCV, Refinery  
  38  4:19  SCV  
  42  4:30  SCV  
  44  4:31  SCV  
  44  4:32  Liberator  
  44  4:34  Armory  
  44  4:42  SCV  
  44  4:43  SCV  
  49  4:54  SCV  
  49  4:55  SCV  
  51  5:12  Hi-Sec Auto Tracking  
  51  5:15  SCV  
  51  5:16  SCV  
  53  5:27  SCV  
  53  5:28  Fusion Core, SCV  
  55  5:39  SCV  
  55  5:40  SCV  
  57  5:51  Terran Ship Weapons Level 1  
  57  6:02  SCV x2  
  59  6:14  SCV x2  
  61  6:20  Command Center  
  61  6:26  SCV x2  
  61  6:27  Widow Mine  
  65  6:35  Supply Depot  
  65  6:39  Orbital Command, Battlecruiser  
  71  6:47  Weapon Refit  
  71  6:55  Widow Mine  
  71  6:58  Supply Depot  
  71  7:00  Building Armor  
  73  7:06  SCV x2  
  75  7:18  SCV x2  
  75  7:21  Supply Depot  
  77  7:24  Widow Mine  
  79  7:46  Armory  
  79  7:52  Widow Mine  
  79  7:53  Starport  
  81  8:02  Orbital Command  
  81  8:03  SCV x2  
  83  8:15  SCV x2  
  83  8:17  Refinery  
  85  8:20  Refinery  
  85  8:25  Starport  
  85  8:27  Starport, SCV x2  
  87  8:34  Starport  
  87  8:35  Starport Tech Lab  
  87  8:38  Battlecruiser  
  93  8:57  SCV  
  93  8:58  SCV x2  
  96  9:08  Factory Tech Lab  
  96  9:11  Barracks Reactor  
  96  9:12  Starport Tech Lab  
  96  9:13  Starport Tech Lab x2  
  96  9:17  Starport  
  96  9:24  Battlecruiser  
  96  9:28  Terran Ship Weapons Level 2, Terran Vehicle And Ship Armor Level 1  
  99  9:57  Starport Tech Lab  
  99  10:01  Battlecruiser x2  
  99  10:03  Battlecruiser  
  99  10:04  Battlecruiser  
  123  10:25  Battlecruiser  
  129  10:32  Supply Depot  
  129  10:45  Battlecruiser  
  135  10:54  Supply Depot  
  135  11:05  Battlecruiser x2  
  147  11:17  Supply Depot  
  147  11:31  Battlecruiser  
  153  11:34  Battlecruiser  
  153  11:37  Battlecruiser  
  165  11:40  Supply Depot  
  165  11:46  Terran Vehicle And Ship Armor Level 2  
  165  12:04  Terran Ship Weapons Level 3  
  165  12:17  Refinery  
  165  12:24  Missile Turret  
  165  12:38  Battlecruiser  
  165  12:40  Battlecruiser  
  177  12:46  Missile Turret  
  175  13:12  Missile Turret  
  175  13:39  Missile Turret  
  175  14:12  Missile Turret  
  175  15:31  Battlecruiser x3  
  175  15:33  Battlecruiser  
  195  16:18  Terran Vehicle And Ship Armor Level 3  
  195  16:20  Missile Turret  
  195  16:21  Missile Turret, Refinery  
  195  16:22  Refinery  
  195  16:24  Missile Turret  
  195  16:25  Missile Turret  
  195  16:28  Missile Turret  
  194  16:36  Orbital Command  
  181  19:49  Battlecruiser  
  181  19:50  Battlecruiser x2  
Show
View Real Time Build Order
Export as new Build Order

Metasapien Zerg - Winner!

Build Orders: Pool First 

Get SALT Encoding   

  12  0:03  Drone  
  13  0:14  Overlord  
  13  0:21  Drone  
  14  0:34  Drone  
  15  0:37  Drone  
  16  0:48  Spawning Pool, Drone  
  16  0:51  Extractor  
  16  0:55  Drone  
  16  0:59  Drone  
  17  1:24  Drone  
  18  1:26  Hatchery  
  18  1:29  Drone  
  18  1:37  Drone  
  19  1:43  Overlord  
  19  1:52  Queen  
  21  2:00  Drone  
  22  2:09  Zergling x2  
  22  2:10  Metabolic Boost  
  22  2:13  Drone  
  24  2:22  Extractor  
  23  2:25  Overlord  
  23  2:45  Drone  
  23  2:47  Queen  
  23  2:49  Lair  
  26  2:54  Zergling x4  
  29  2:58  Zergling x4  
  29  3:03  Zergling x4  
  32  3:05  Zergling x2  
  32  3:08  Zergling x2  
  34  3:17  Drone  
  34  3:19  Drone  
  36  3:21  Drone  
  36  3:25  Drone  
  38  3:42  Drone x2  
  38  3:43  Drone x2  
  38  3:45  Overlord  
  42  3:51  Extractor  
  42  3:53  Extractor  
  40  3:59  Spire  
  40  4:01  Hydralisk Den  
  29  5:06  Hydralisk  
  29  5:07  Hydralisk x4  
  29  5:08  Hydralisk  
  29  5:09  Overlord x2  
  41  5:19  Muscular Augments  
  41  5:22  Drone  
  41  5:23  Drone x3  
  45  5:41  Evolution Chamber  
  45  5:42  Drone  
  45  5:43  Drone x2  
  45  5:44  Drone x3  
  45  5:47  Spore Crawler  
  49  6:01  Hatchery  
  48  6:13  Zerg Missile Weapons Level 1  
  48  6:15  Mutalisk x2  
  52  6:21  Drone x2  
  52  6:22  Drone x3  
  52  6:23  Drone  
  52  6:24  Drone x2  
  52  6:25  Drone  
  61  6:30  Overlord  
  61  6:49  Queen  
  61  6:50  Pneumatized Carapace  
  63  6:56  Extractor  
  63  6:59  Drone x2  
  63  7:00  Extractor, Drone x3  
  66  7:04  Drone x3  
  69  7:08  Overlord  
  69  7:11  Overseer  
  69  7:35  Hatchery  
  68  7:48  Drone x3  
  71  8:01  Mutalisk, Hydralisk x5  
  71  8:02  Hydralisk x3  
  89  8:07  Zerg Missile Weapons Level 2  
  89  8:14  Infestation Pit, Drone  
  89  8:43  Overlord x2  
  89  8:44  Overlord  
  89  8:49  Drone  
  89  8:53  Drone  
  91  8:57  Queen  
  91  8:59  Drone  
  91  9:01  Drone x3  
  91  9:02  Drone x5  
  102  9:26  Drone x2  
  104  9:32  Evolution Chamber  
  104  9:35  Zerg Flyer Weapons Level 1  
  104  9:36  Corruptor x3  
  104  9:37  Corruptor x3  
  104  9:38  Corruptor  
  115  9:40  Overlord x2  
  115  9:41  Overlord  
  117  9:48  Spore Crawler  
  116  9:53  Spore Crawler  
  116  9:59  Overseer  
  115  10:18  Overseer  
  115  10:25  Extractor  
  115  10:27  Extractor  
  113  10:30  Overlord x6  
  113  10:36  Hydralisk  
  113  10:37  Hydralisk x3  
  113  10:38  Corruptor x2  
  113  10:39  Corruptor x4  
  113  10:40  Corruptor  
  135  10:47  Hive  
  135  10:49  Zerg Ground Armor Level 1  
  135  10:55  Spire  
  135  10:56  Drone x2  
  136  11:32  Hatchery  
  135  11:45  Drone x2  
  135  11:46  Drone  
  138  11:52  Hydralisk  
  138  11:53  Hydralisk x6  
  138  11:54  Hydralisk x6  
  164  12:13  Overlord x2, Hydralisk  
  164  12:14  Hydralisk x2  
  164  12:15  Hydralisk x2, Corruptor  
  170  12:16  Hydralisk x2, Corruptor  
  170  12:22  Drone x2  
  184  12:33  Drone x2  
  116  13:26  Corruptor x2  
  116  13:27  Hydralisk x2, Corruptor x3  
  116  13:28  Hydralisk x3, Corruptor x2  
  138  14:02  Spore Crawler  
  137  14:11  Hatchery, Extractor  
  137  14:16  Extractor  
  134  14:18  Drone  
  134  14:19  Drone x2  
  137  14:37  Zerg Ground Armor Level 2  
  137  14:38  Zerg Missile Weapons Level 3  
  137  14:42  Greater Spire  
  137  14:43  Zerg Flyer Armor Level 1  
  137  14:47  Hydralisk x3  
  137  14:48  Hydralisk x4, Corruptor x3  
  137  14:49  Hydralisk x4  
  137  14:50  Hydralisk  
  167  15:25  Overlord x2  
  167  15:26  Overlord x3  
  167  15:27  Overlord x2  
  167  15:31  Drone  
  168  15:58  Brood Lord x4  
  168  15:59  Brood Lord x4  
  184  16:05  Brood Lord x2  
  184  16:08  Corruptor x3  
  194  17:06  Drone x2  
  194  17:07  Drone x2  
  116  18:01  Corruptor  
  116  18:02  Corruptor x19  
  116  18:03  Corruptor  
  116  18:05  Hydralisk  
  140  19:15  Brood Lord x5  
  140  19:16  Brood Lord  
  152  19:35  Hydralisk x8  
  168  19:38  Zergling x4  
  168  19:39  Zergling x10  
  168  19:40  Zergling x6  
  178  19:46  Hatchery  
  177  20:00  Hatchery  
Show
View Real Time Build Order
Export as new Build Order

bestiger Terran - Winner!

Build Orders: MMM Bio 

Get SALT Encoding   

  12  0:14  SCV  
  13  0:26  SCV  
  14  0:28  Supply Depot  
  14  0:38  SCV  
  14  0:39  Supply Depot  
  15  0:52  Barracks  
  15  1:02  Barracks  
  15  1:04  SCV  
  16  1:18  Barracks  
  16  1:21  SCV  
  17  1:33  SCV  
  18  1:44  Marine  
  19  1:52  Marine  
  20  2:10  Marine, Command Center  
  20  2:11  Marine  
  20  2:13  Marine  
  23  2:22  Orbital Command  
  23  2:32  Refinery  
  23  2:35  Refinery  
  23  2:36  Marine  
  24  2:38  Marine  
  24  2:42  Marine  
  26  2:51  SCV  
  27  3:00  Engineering Bay  
  27  3:03  SCV  
  27  3:05  Marine x3  
  31  3:15  Supply Depot  
  31  3:25  Orbital Command  
  31  3:34  Missile Turret  
  31  3:39  Barracks Tech Lab  
  31  3:43  SCV  
  31  3:46  Marine x2  
  34  3:50  Terran Infantry Weapons Level 1  
  34  4:02  Factory  
  34  4:04  Marauder  
  34  4:06  SCV  
  37  4:11  SCV  
  38  4:17  Refinery  
  38  4:19  Refinery  
  38  4:24  Combat Shields  
  38  4:26  Marine  
  38  4:27  Marine  
  38  4:29  SCV  
  41  4:33  SCV  
  42  4:41  SCV  
  42  4:42  Marauder  
  42  4:45  SCV  
  46  4:52  Factory Tech Lab  
  46  4:53  SCV  
  46  4:57  Supply Depot x2  
  47  5:01  SCV  
  47  5:05  SCV  
  49  5:10  Marine x2  
  49  5:11  Marauder  
  53  5:19  Siege Tank  
  56  5:26  SCV  
  56  5:27  Barracks  
  57  5:30  Barracks  
  57  5:32  Marine  
  57  5:33  Marine  
  59  5:40  SCV  
  60  5:44  Terran Infantry Armor Level 1  
  60  5:48  Marauder  
  62  5:50  Marine  
  63  5:57  Siege Tank  
  66  6:05  Stimpack  
  66  6:06  Marine  
  66  6:08  Marine  
  66  6:10  Command Center  
  68  6:14  Supply Depot  
  68  6:18  Barracks Reactor x2  
  68  6:21  SCV  
  69  6:29  Supply Depot  
  69  6:32  Marine, Supply Depot  
  70  6:35  Marauder  
  72  6:46  SCV  
  73  6:49  Armory  
  73  6:56  Marine x3  
  73  6:57  Marine  
  73  6:58  SCV  
  73  6:59  Engineering Bay  
  78  7:04  Supply Depot x2  
  81  7:08  Siege Tank  
  81  7:10  SCV  
  81  7:11  SCV  
  83  7:16  Marine x2  
  83  7:17  Marauder  
  87  7:23  SCV  
  88  7:35  Marine x2  
  90  7:41  Terran Infantry Weapons Level 2  
  90  7:48  Missile Turret  
  90  7:51  Missile Turret  
  90  7:54  Missile Turret  
  90  7:56  Missile Turret  
  90  7:57  Missile Turret  
  90  7:58  Terran Infantry Armor Level 2, Missile Turret  
  90  8:04  Marine, Marauder  
  93  8:05  Orbital Command  
  93  8:31  Barracks Reactor  
  93  8:35  Barracks  
  93  8:37  Barracks  
  93  8:39  Barracks  
  93  8:42  SCV  
  93  8:46  SCV  
  95  8:50  Marine  
  95  8:51  Marine x2, Marauder  
  100  9:04  SCV  
  100  9:05  Refinery x2  
  100  9:09  Marine x3  
  102  9:10  Marine  
  102  9:13  Marauder  
  102  9:14  SCV  
  102  9:16  SCV  
  109  9:21  Missile Turret x2  
  109  9:23  Missile Turret  
  109  9:24  Missile Turret  
  109  9:25  Missile Turret x2  
  109  9:29  Barracks Reactor x2  
  109  9:31  Factory Reactor  
  109  9:40  Marine x2  
  109  9:41  Marauder  
  113  9:56  Marine x4  
  113  9:57  Marine, Hi-Sec Auto Tracking  
  118  10:02  SCV, Marauder  
  121  10:07  Widow Mine  
  121  10:08  Widow Mine  
  125  10:14  Building Armor  
  125  10:30  Supply Depot x3  
  125  10:33  Supply Depot x2  
  125  10:48  Barracks Tech Lab  
  125  10:51  Widow Mine x2  
  125  10:52  Marauder  
  125  10:54  Terran Infantry Armor Level 3  
  131  10:59  Supply Depot  
  131  11:01  Supply Depot  
  131  11:03  Marine x5  
  131  11:04  Marine x2  
  138  11:13  Marauder  
  138  11:15  Concussive Shells  
  140  11:21  Marine x2  
  140  11:22  Marine x6, Marauder  
  140  11:23  Marine x2, Supply Depot  
  152  11:26  Widow Mine x2  
  152  11:32  Marine  
  157  11:34  Marauder  
  157  11:39  Marine x3  
  161  11:43  Marauder  
  164  11:54  Terran Infantry Weapons Level 3, Widow Mine x2  
  164  11:56  Marauder  
  170  12:36  Marine  
  171  12:37  Marine x3  
  171  12:38  Marine x2, Marauder x2  
  180  12:47  Marine x3  
  183  12:57  Orbital Command  
  183  12:59  Marauder x2  
  183  13:04  Marine  
  183  13:05  Marine x5  
  126  13:20  Marauder  
  110  13:32  Marine x7  
  110  13:33  Marine x3, Marauder  
  110  13:34  Marine  
  123  13:42  Marauder  
  125  13:49  Marine x2  
  125  13:50  Marine  
  125  13:55  Marauder  
  130  14:02  Marine x3  
  132  14:03  Marine x5, Marauder  
  132  14:07  Marine x3  
  132  14:08  Widow Mine x2  
  147  14:16  Marauder  
  149  14:20  Marine x3  
  149  14:21  Marine x5  
  157  14:25  Marauder  
  159  14:36  Widow Mine x2  
  159  14:37  Marauder  
  165  14:38  Marine x2  
  165  14:39  Marine x4  
  165  14:45  Terran Vehicle Weapons Level 1  
  171  14:46  Marauder  
  171  14:49  Marine  
  171  14:50  Marine x4  
  178  14:59  Marauder  
  180  15:03  Marine x2  
  180  15:04  Marine x4  
  180  15:05  Widow Mine x2  
  190  15:07  Marine x2, Marauder  
  194  15:20  Marauder  
  196  15:48  Supply Depot x2  
  196  16:10  Marauder x2  
  200  16:39  Terran Vehicle And Ship Armor Level 1  
  200  16:59  Widow Mine  
  200  17:01  Widow Mine  
  142  17:27  Widow Mine  
  95  17:30  Widow Mine  
  95  17:35  Marine x2  
  77  17:38  Marine  
  77  17:39  Marine x10  
  88  17:53  Marine x2  
  88  17:56  Marine x5  
  88  17:57  Marine x4, Marauder x2  
  103  18:11  Marine x2  
  105  18:14  Marine x9  
  105  18:18  Marine  
  105  18:19  Marauder  
  109  18:28  Marine  
  109  18:29  Marine  
  109  18:31  Marine  
  109  18:32  Marine x8  
  118  18:36  Marauder  
  118  18:39  Cyclone, Widow Mine  
  118  18:40  Marauder  
  127  18:46  Marine x2  
  129  18:49  Marine  
  129  18:50  Marine x8  
  138  18:58  Marauder  
  138  19:01  Marauder  
  142  19:04  Marine x2  
  142  19:07  Marine, Widow Mine  
  142  19:08  Marine x8  
  155  19:10  Widow Mine  
  157  19:19  Marauder  
  157  19:22  Marine x2, Orbital Command  
  157  19:23  Marauder  
  163  19:25  Marine x5  
  163  19:26  Marine x4  
  172  19:36  Widow Mine  
  174  19:39  Widow Mine  
  174  19:40  Marine x2  
  174  19:41  Marauder  
  174  19:43  Marine x9  
  174  19:44  Marauder  
  191  19:57  Marine  
  191  19:58  Marine  
  193  20:00  Marine  
  193  20:01  Marine x4  
  198  20:21  Widow Mine  
  198  20:22  Marine x2  
  198  20:23  Marine x2, Widow Mine  
  198  20:24  Marine x4, Marauder  
  198  20:25  Marine x2  
  198  20:26  Marine x2  
Tags
 
Add a new tag
Caveats
  • Supply blocks, unpowered buildings, or Contaminate may cause inaccurate times.
  • Supply counts are checked every 10 seconds.